 Dungeon Crawl Stone Soup version 0.30.1-11-g7821555f0a (webtiles) character file.

Game seed: 17317082267126592718

5789 ChrisAssaf the Stinger (level 11, -19/85 HPs)
             Began as a Meteoran Venom Mage on Jan 7, 2024.
             Was a Follower of Cheibriados.
             Demolished by a cane toad (20 damage)
             ... on level 1 of the Lair of Beasts on Jan 8, 2024.
             The game lasted 00:31:51 (5671 turns).

ChrisAssaf the Stinger (Meteoran Venom Mage)        Turns: 5671, Time: 00:31:51

Health: -19/85     AC:  4    Str: 19    XL:     11   Next: 26%
Magic:  0/30       EV: 15    Int: 22    God:    Cheibriados [*.....]
Gold:   1988       SH:  0    Dex: 17    Spells: 9/23 levels left

rFire   . . .        B - +2 demon blade (venom)
rCold   + . .        (no shield)
rNeg    . . .        a - +2 robe
rPois   +            (no helmet)
rElec   .            (no cloak)
rCorr   .            (no gloves)
SInv    .            (no boots)
Will    +++..        k - amulet "Veusaino" {Spirit -Tele rC+ Will+ Str+3}
Stlth   +            q - ring of magical power
HPRegen 0.34/turn    o - ring of Nyfou {rPois Will+ Slay+3}
MPRegen 0.22/turn

%: no teleportation, guardian spirit
@: brilliant, lethally poisoned (-19 -> -22), marked, glowing, very slow
A: sense surroundings 2, otherworldly, glowing, explore regen
a: Renounce Religion, Bend Time


You were on level 1 of the Lair of Beasts.
You worshipped Cheibriados.
Cheibriados was aware of your devotion.
You visited 3 branches of the dungeon, and saw 10 of its levels.
You also visited: Ossuary.

You collected 2190 gold pieces.
You spent 202 gold pieces at shops.

Inventory:

Hand Weapons
 e - a +0 dagger
 g - a +2 dagger of venom
 B - a +2 demon blade of venom (weapon)
Armour
 a - a +2 robe (worn)
Jewellery
 k - the amulet "Veusaino" (around neck) {Spirit -Tele rC+ Will+ Str+3}
   (You found it on level 3 of the Dungeon)

   [amulet of guardian spirit]

   It causes incoming damage to be divided between your reserves of health and
   magic.
   Str:       It affects your strength (+3).
   rC:        It protects you from cold.
   -Tele:     It prevents most forms of teleportation.
   Will:      It increases your willpower.
 o - the ring of Nyfou (right hand) {rPois Will+ Slay+3}
   (You acquired it on level 5 of the Dungeon)

   [ring of poison resistance]

   Slay:      It affects your accuracy & damage with ranged weapons and melee
   (+3).
   rPois:     It protects you from poison.
   Will:      It increases your willpower.
 q - a ring of magical power (left hand)
 w - an amulet of magic regeneration
 F - a ring of flight
 G - an amulet of the acrobat
Wands
 v - a wand of roots (3)
 C - a wand of light (1)
Scrolls
 c - 2 scrolls of teleportation
 d - a scroll of noise
 h - a scroll of poison
 m - 3 scrolls of immolation
 n - 2 scrolls of blinking
 t - a scroll of vulnerability
 u - 2 scrolls of fog
 x - a scroll of enchant armour
 y - a scroll of summoning
 z - a scroll of amnesia
Potions
 b - a potion of ambrosia
 f - 2 potions of brilliance
 i - 2 potions of degeneration {unknown}
 j - 3 potions of resistance {unknown}
 l - 2 potions of flight
 p - 2 potions of curing {unknown}
 r - 5 potions of haste
 s - a potion of cancellation {unknown}
 A - a potion of heal wounds {unknown}
 D - a potion of attraction {unknown}
 E - a potion of invisibility {unknown}
 H - a potion of magic


   Skills:
 * Level 4.5 Fighting
 * Level 5.1(6.1) Short Blades
 * Level 5.5(6.7) Long Blades
 * Level 4.4 Armour
 * Level 5.6 Dodging
 * Level 3.6 Stealth
 * Level 6.5 Spellcasting
 * Level 4.6 Conjurations
 * Level 2.2 Necromancy
 * Level 4.2 Translocations
 * Level 4.9 Transmutations
 * Level 4.2 Air Magic
 * Level 6.9 Poison Magic
 * Level 3.0 Invocations
 * Level 3.4 Evocations


You had 9 spell levels left.
You knew the following spells:

 Your Spells              Type           Power      Damage    Failure   Level
a - Sting                 Tmut/Pois      100%       1d8       1%          1
b - Mephitic Cloud        Conj/Pois/Air  45%        N/A       3%          3
c - Olgreb's Toxic Radia  Pois           54%        N/A       4%          4
d - Teleport Other        Tloc           38%        N/A       4%          3
e - Vampiric Draining     Necr           25%        2d7       11%         3

Your spell library contained the following spells:

 Spells                   Type           Power      Damage    Failure   Level
 Poisonous Vapours        Pois/Air       94%        N/A       1%          2
 Lesser Beckoning         Tloc           76%        N/A       2%          2
 Necrotise                Necr           100%       1d9       3%          1
 Gell's Gravitas          Tloc           38%        N/A       4%          3
 Sublimation of Blood     Necr           25%        N/A       5%          2
 Slow                     Hex            40%        N/A       9%          1
 Dazzling Flash           Conj/Hex       52%        N/A       10%         3
 Volatile Blastmotes      Fire/Tloc      48%        2d14      11%         3
 Iskenderun's Mystic Bla  Conj/Tloc      40%        2d9       14%         4
 Confusing Touch          Hex            10%        N/A       26%         3
 Petrify                  Tmut/Erth      27%        N/A       30%         4
 Blade Hands              Tmut           21%        N/A       30%         5
 Irradiate                Conj/Tmut      21%        3d18      32%         5
 Animate Armour           Summ/Erth      20%        N/A       65%         4
 Agony                    Necr           25%        N/A       67%         5
 Iron Shot                Conj/Erth      13%        9d3       99%         6
 Starburst                Conj/Fire      13%        6d5       99%         6
 Simulacrum               Ice/Necr       9%         N/A       100%        6
 Ozocubu's Refrigeration  Ice            5%         4d8       100%        7
 Polar Vortex             Ice            5%         N/A       100%        9


Dungeon Overview and Level Annotations

Branches:
Dungeon (8/15) Zot: 156    Temple (1/1) D:7 Zot: 837    Lair (1/5) D:8 Zot: 514
Ossuary (visited)

Altars:
Ashenzari
Cheibriados
Elyvilon
Fedhas
Gozag
Hepliaklqana
Kikubaaqudgha
Makhleb
Nemelex Xobeh
Okawaru
Ru
Sif Muna
Trog
Uskayaw
Vehumet
Wu Jian
Xom
Yredelemnul
Zin
The Shining One

Shops:
D:6 *

Annotations:
Temple 2 transporters


Innate Abilities, Weirdness & Mutations

You passively map the area around you.
You are easily found by Zot.
You glow in the dark.
You regain HP and MP as you explore.


Message History

Cheibriados thoroughly appreciates the change of pace.
Cheibriados raises the support of your attributes as your movement slows.
The five-headed hydra bites you! x2
* * * LOW HITPOINT WARNING * * *
The five-headed hydra barely misses you.
The five-headed hydra bites you.
* * * LOW HITPOINT WARNING * * *
The five-headed hydra bites you but does no damage.
Your Invocations skill increases to level 3!
You feel sick.
Your bullfrog hits the cane toad but does no damage.
Your komodo dragon bites the five-headed hydra!!
Your bullfrog barely misses the water moccasin.
The water moccasin barely misses you. The cane toad stings you.
* * * LOW HITPOINT WARNING * * *
Your wyvern bites the five-headed hydra!
Aiming: Bolt of Light
Press: ? - help, Shift-Dir - straight line The bolt of light hits the five-headed hydra!
The five-headed hydra is severely wounded.
The five-headed hydra is blinded.
You feel sick.
Your wyvern completely misses the five-headed hydra.
Your bullfrog closely misses the five-headed hydra.
Your bullfrog barely misses the water moccasin.
The water moccasin bites you but does no damage.
The five-headed hydra barely misses you. x2
The five-headed hydra bites you!
* * * LOW HITPOINT WARNING * * *
The five-headed hydra closely misses you. x2
Your komodo dragon barely misses the five-headed hydra.
The cane toad misses you.
It was a potion of brilliance.
You feel clever all of a sudden.
Your bullfrog hits the five-headed hydra!
Your wyvern bites the five-headed hydra.
Your bullfrog completely misses the water moccasin.
The water moccasin bites you.
* * * LOW HITPOINT WARNING * * *
The cane toad stings you!!
You die...

....#...##, ..##....# , * ,
....+...#, , .#.....##,
....#...#* ,, ,.#.....+ , ^ ,*,
........# *** ###.....# * ,#
..?.....#######.#P....####.#, ,
#..#P...†...................
.................l..........,,,
........(........DF.........,
................@Fl.........,
..............FS............, ,
.....................$...... ,,
........................#..#*
,, #####.....########.#....# ..
,, .....#....# ###...... .
..........# * #....#. ,
..†..#....# , , .. , ,
.....#....##* * , , , ,


You could see a five-headed hydra (blind, ally target), a cane toad, a water
moccasin (ally target), a friendly komodo dragon (summoned), a friendly wyvern
(summoned) and 2 friendly bullfrogs.

Vanquished Creatures
  A two-headed ogre (D:8)
  A tengu warrior (D:8)
  2 cane toads (Lair:1)
  A rime drake (Lair:1)
  Grinder (D:5)
  Sigmund (D:5)
  4 yaks (D:8)
  A basilisk (D:8)
  A water moccasin (Lair:1)
  An ice beast (D:7)
  An orc warrior (D:6)
  2 sky beasts
  2 ogres
  A phantom (D:6)
  5 bullfrogs
  2 scorpions (D:5)
  7 wights
  4 howler monkeys
  A jelly (D:8)
  6 hounds
  2 orc priests
  A gnoll bouda (D:6)
  2 sleepcaps
  6 iguanas
  7 orc wizards
  3 mummies (Ossuary)
  Robin (D:2)
  4 gnolls
  6 adders
  A white imp (D:7)
  An ufetubus (D:3)
  3 worms
  5 dart slugs
  40 orcs
  7 bats
  8 endoplasms
  4 giant cockroaches
  4 gnoll zombies (Ossuary)
  11 hobgoblins
  5 jackals
  9 kobolds
  3 quokkas
  5 ball pythons
  2 frilled lizards
  5 gnoll skeletons (Ossuary)
  16 goblins
  A goblin skeleton (Ossuary)
  2 goblin zombies
  7 hobgoblin skeletons (Ossuary)
  7 hobgoblin zombies (Ossuary)
  3 kobold skeletons (Ossuary)
  4 kobold zombies (Ossuary)
  2 orc skeletons (Ossuary)
  3 orc zombies (Ossuary)
  A rat (D:1)
  7 rat skeletons (Ossuary)
  7 rat zombies
250 creatures vanquished.

Vanquished Creatures (others)
  An orc wizard (D:4)
1 creature vanquished.

Grand Total: 251 creatures vanquished

Notes
Turn   | Place    | Note
-------+----------+-------------------------------------------
     0 | D:1      | ChrisAssaf the Meteoran Venom Mage began the quest for the
                  | Orb.
     0 | D:1      | Reached XP level 1. HP: 14/14 MP: 5/5
    48 | D:1      | Reached XP level 2. HP: 16/20 MP: 0/6
   334 | D:1      | Reached XP level 3. HP: 15/27 MP: 5/8
   338 | D:1      | Learned a level 3 spell: Mephitic Cloud
   500 | D:1      | Glimpsed the power of Zot.
   702 | D:2      | Reached XP level 4. HP: 32/34 MP: 9/9
   707 | D:2      | Learned a level 4 spell: Olgreb's Toxic Radiance
   825 | D:2      | Noticed Robin
   831 | D:2      | Reached skill level 1 in Fighting
   832 | D:2      | Killed Robin
   960 | D:2      | Reached XP level 5. HP: 39/40 MP: 11/11
   964 | D:2      | Learned a level 3 spell: Teleport Other
  1051 | D:3      | Identified the amulet "Veusaino" {Spirit -Tele rC+ Will+
                  | Str+3}
  1156 | D:3      | Found a faded altar of an unknown god.
  1628 | D:4      | Reached skill level 1 in Armour
  1637 | D:4      | Reached skill level 1 in Short Blades
  1637 | D:4      | Reached skill level 1 in Conjurations
  1637 | D:4      | Reached XP level 6. HP: 42/47 MP: 3/12
  1705 | D:4      | Found a radiant altar of Vehumet.
  1731 | D:4      | Reached skill level 1 in Air Magic
  1739 | D:4      | Reached skill level 5 in Poison Magic
  1773 | D:4      | Reached skill level 1 in Translocations
  1799 | D:4      | Reached XP level 7. HP: 49/52 MP: 14/14
  2202 | D:5      | Entered Level 5 of the Dungeon
  2203 | D:5      | Identified 2 scrolls of acquirement
  2203 | D:5      | Acquired 1050 gold pieces
  2205 | D:5      | Acquired the ring of Nyfou {rPois Will+ Slay+3}
  2248 | D:5      | Found a sand-covered staircase.
  2274 | Ossuary  | Entered an ossuary
  2909 | D:5      | Reached XP level 8. HP: 50/61 MP: 15/15
  2965 | D:5      | Noticed Grinder
  2988 | D:5      | Killed Grinder
  3083 | D:5      | Noticed Sigmund
  3099 | D:5      | Killed Sigmund
  3123 | D:5      | Found a basalt altar of Yredelemnul.
  3125 | D:5      | Found a shimmering altar of Xom.
  3125 | D:5      | Found a bloodstained altar of Trog.
  3132 | D:5      | Found an opulent altar of Gozag.
  3132 | D:5      | Found a hazy altar of Hepliaklqana.
  3132 | D:5      | Found a blossoming altar of Fedhas.
  3178 | D:5      | Acquired a +1 demon blade of venom
  3387 | D:6      | Gained mutation: You passively map the area around you.
                  | [Meteoran growth]
  3387 | D:6      | Reached XP level 9. HP: 66/68 MP: 17/17
  3412 | D:6      | Reached skill level 5 in Spellcasting
  3444 | D:6      | Reached skill level 1 in Long Blades
  3459 | D:6      | Reached skill level 1 in Evocations
  3464 | D:6      | Found Efaumah's General Store.
  3471 | D:6      | Found a bloodstained altar of Trog.
  3531 | D:6      | Bought a scroll of fog for 60 gold pieces
  3531 | D:6      | Bought a scroll of summoning for 142 gold pieces
  4035 | D:7      | Found a runed translucent door.
  4099 | D:7      | Reached XP level 10. HP: 15/66 MP: 18/19
  4219 | D:7      | Found a staircase to the Ecumenical Temple.
  4250 | Temple   | Entered the Ecumenical Temple
  4250 | Temple   | Found a transporter.
  4250 | Temple   | Found a transporter.
  4252 | Temple   | Found a transporter.
  4252 | Temple   | Found a transporter.
  4278 | Temple   | Became a worshipper of Cheibriados the Contemplative
  4470 | D:6      | Found a blossoming altar of Fedhas.
  4571 | D:6      | Learned a level 3 spell: Vampiric Draining
  4737 | D:6      | Glimpsed the power of Zot.
  4776 | D:7      | Glimpsed the power of Zot.
  4819 | D:8      | Reached skill level 5 in Dodging
  4843 | D:8      | Reached skill level 1 in Necromancy
  4843 | D:8      | Reached skill level 1 in Invocations
  4904 | D:8      | Found a staircase to the Lair.
  5043 | D:8      | Noticed a two-headed ogre
  5065 | D:8      | Killed a two-headed ogre
  5065 | D:8      | Reached * piety under Cheibriados
  5115 | D:8      | Noticed a tengu warrior
  5124 | D:8      | Killed a tengu warrior
  5125 | D:8      | Reached skill level 5 in Long Blades
  5125 | D:8      | Reached XP level 11. HP: 32/84 MP: 13/21
  5379 | Lair:1   | Entered Level 1 of the Lair of Beasts
  5416 | Lair:1   | Reached skill level 5 in Short Blades
  5438 | Lair:1   | Acquired 655 gold pieces
  5659 | Lair:1   | Noticed a five-headed hydra
  5670 | Lair:1   | HP: 4/85 [five-headed hydra (9)]
  5671 | Lair:1   | HP: 1/85 [water moccasin (3)]
  5671 | Lair:1   | Demolished by a cane toad

Illustrated notes

Levels and vault maps discovered:
D:1:      pf_arrival_petrified_forest, layout_basic
D:2:      layout_loops_ring, uniq_robin
D:3:      layout_loops_ring, nicolae_ecumenical_lake_church,
          hangedman_feature_mirror, hex_large
D:4:      layout_cave_pools, mainiacjoe_overflow_six_doors_small,
          minmay_diced_spiral
D:5:      layout_loops_cross, doesnt_xom_only_xom, enter_ossuary_4,
          uniq_menkaure, uniq_sigmund, uniq_grinder
D:6:      layout_loops_ring, trog_butcher_becter, fedhas_altar_4, serial_shops,
          shop
D:7:      layout_basic, minmay_temple_entry_offerings, nicolae_hexahallways,
          lightli_church_of_beogh
D:8:      nzn_winding_woodlands_three_and_one [nzn_winding_woodlands_5x15_cabin,
          nzn_winding_woodlands_5x15_pool, nzn_winding_woodlands_5x15_default,
          nzn_winding_woodlands_center_diamonds], layout_basic,
          dpeg_oklobed_lair
Temple:   hellmonk_temple_divided_pantheon
Lair:1:   layout_regular_city, wad_woods_road_05

Skill      XL: |  1  2  3  4  5  6  7  8  9 10 11 |
---------------+----------------------------------+-----
Poison Magic   | 4 5 6 |  6.9
Spellcasting   | 3 4 5 6 |  6.5
Fighting       | 1 2 3 4 |  4.5
Armour         | 1 2 3 4 |  4.4
Short Blades   | 1 3 4 5 |  5.1
Conjurations   | 1 2 3 4 |  4.6
Transmutations | 2 3 4 |  4.9
Dodging        | 3 4 5 |  5.6
Stealth        | 2 3 |  3.6
Air Magic      | 1 2 3 4 |  4.2
Translocations | 1 2 3 4 |  4.2
Long Blades    | 3 5 |  5.5
Evocations     | 2 3 |  3.4
Necromancy     | 1 2 |  2.2
Invocations    | 2 3 |  3.0

Action                     |  1- 3 |  4- 6 |  7- 9 | 10-12 || total
---------------------------+-------+-------+-------+-------++-------
  Melee: Punch             |     1 |     1 |     4 |     1 ||     7
         Unarmed           |     1 |       |       |       ||     1
         Dagger            |     6 |    50 |   223 |       ||   279
         Demon blade       |       |       |    74 |    72 ||   146
   Cast: Sting             |    23 |     4 |     3 |     1 ||    31
         Mephitic Cloud    |     1 |       |     4 |     1 ||     6
         Olgreb's Toxic Ra |       |    11 |    10 |     7 ||    28
         Teleport Other    |       |       |     6 |     3 ||     9
         Vampiric Draining |       |       |       |     4 ||     4
  Evoke: Wand              |       |       |     4 |     6 ||    10
    Use: Scroll            |     2 |     5 |    12 |     7 ||    26
         Potion            |     1 |       |     1 |     1 ||     3
   Stab: Sleeping          |     1 |       |       |       ||     1
         Confused          |       |       |     1 |     1 ||     2
         Invisible         |       |       |     2 |       ||     2
 Armour: Robe              |    13 |    20 |    58 |    19 ||   110
  Dodge: Dodged            |    28 |    44 |   154 |    66 ||   292
